 Dungeon Crawl Stone Soup version 0.29-a0-541-gaf1fc19f1b (webtiles) character file.

Game seed: 8532356830253284522

32 Sobieck the Sneak (level 3, -7/24 HPs)
             Began as a Vampire Earth Elementalist on June 2, 2022.
             Mangled by Terence
             ... wielding a +0 mace
              (10 damage)
             ... on level 2 of the Dungeon.
             The game lasted 00:04:56 (1369 turns).

Sobieck the Sneak (Vampire Earth Elementalist)      Turns: 1369, Time: 00:04:56

Health: -7/24      AC:  2    Str:  7    XL:     3   Next: 8%
Magic:  3/6        EV: 12    Int: 19    God:
Gold:   115        SH:  0    Dex: 14    Spells: 3/6 levels left

rFire   . . .      SeeInvis +   f - +0 dagger (protect) {short}
rCold   . . .      Faith    .   (no shield)
rNeg    . . .      Spirit   .   b - +0 robe
rPois   .          Reflect  .   (no helmet)
rElec   .          Harm     .   (no cloak)
rCorr   .          Rampage  .   (no gloves)
Will    .....                   (no boots)
Stlth   +++.......              (no amulet)
HPRegen 0.28/turn               (no ring)
MPRegen 0.10/turn               (no ring)

@: very slightly contaminated, healing quickly
A: alive, fangs 3, see invisible, vampiric 2
a: Exsanguinate


You were on level 2 of the Dungeon.
You visited 1 branch of the dungeon, and saw 2 of its levels.

You collected 115 gold pieces.


Innate Abilities, Weirdness & Mutations

Your natural rate of healing is accelerated.
You have razor-sharp teeth.
You have supernaturally acute eyesight. (SInv)
You are afflicted with vampirism and can become a bat while bloodless.


   Skills:
 - Level 2.1 Dodging
 + Level 3.9 Stealth
 + Level 2.4 Spellcasting
 + Level 1.5 Transmutations
 + Level 3.4 Earth Magic


You had 3 spell levels left.
You knew the following spells:

 Your Spells              Type           Power      Damage    Failure   Level
a - Sandblast             Erth           30%        2d9       4%          1
b - Passwall              Tmut/Erth      9%         N/A       9%          2

Your spell library contained the following spells:

 Spells                   Type           Power      Damage    Failure   Level
 Summon Small Mammal      Summ           8%         N/A       16%         1
 Stone Arrow              Conj/Erth      16%        3d8       24%         3
 Call Canine Familiar     Summ           2%         N/A       43%         3
 Portal Projectile        Hex/Tloc       4%         N/A       43%         3
 Summon Guardian Golem    Hex/Summ       2%         N/A       43%         3
 Petrify                  Tmut/Erth      11%        N/A       50%         4
 Leda's Liquefaction      Hex/Erth       4%         N/A       63%         4

Inventory:

Hand Weapons
 f - a +0 dagger of protection (weapon) {short}
   (You found it on level 1 of the Dungeon)
Missiles
 a - 39 stones {throwing}
Armour
 b - a +0 robe (worn)
 e - a +0 robe
   (You found it on level 1 of the Dungeon)
 j - a +0 ring mail
   (You found it on level 1 of the Dungeon)
 k - a +0 ring mail
   (You found it on level 1 of the Dungeon)
Scrolls
 d - a scroll of amnesia {unknown}
 g - a scroll of fog {unknown}
 h - 2 scrolls of enchant weapon {unknown}
 m - a scroll of poison {unknown}
 n - a scroll of fear {unknown}
 o - a scroll of silence {unknown}
 p - 2 scrolls of identify {unknown}
 q - a scroll of acquirement {unknown}
Potions
 i - 3 potions of degeneration {unknown}
 l - 3 potions of curing {unknown}

Dungeon Overview and Level Annotations

Branches:
Dungeon (2/15)

Altars:

Annotations:
D:2 Terence

############
#...†.....g#
#......#
#..###.# #..#
#@# #..# #@#
#..###.###
#..##....#
#........#
##...#....#.
#>............
#....#.######.
#..###.#
#....#.# #.


You could see Terence.


Message History

You kill the rat!
Unknown command.
q - a scroll labelled GOES JEF XYETE Unknown command.
Okay, then.
Casting: Passwall (safe; 9% risk of failure)
Confirm with . or Enter, or press ? or * to list all spells.
Okay, then.
Okay, then.
Unknown command.
Found a stone staircase leading down.
Unknown command.
You now have 115 gold pieces (gained 7).
Terence the Incautious comes into view.
He is wielding a +0 mace.
Danger!
Casting: Passwall (safe; 9% risk of failure)
Confirm with . or Enter, or press ? or * to list all spells.
Aiming: Passwall (safe; 9% risk of failure)
Press: ? - help, Dir - move target A rock wall.
Okay, then.
Casting: Passwall (safe; 9% risk of failure)
Confirm with . or Enter, or press ? or * to list all spells.
Aiming: Passwall (safe; 9% risk of failure)
Press: ? - help, Dir - move target A rock wall.
You begin to meditate on the wall.
You continue meditating on the rock. x3
You finish merging with the rock.
Danger!
The helpless Terence fails to defend himself.
You hit Terence.
Your weapon exudes an aura of protection.
Terence barely misses you.
Unknown command.
You hit the bat but do no damage. You bite the bat.
You kill the bat!
Terence hits you but does no damage.
You hit Terence but do no damage. Terence closely misses you.
Unknown command.
Terence attacks as you move away! Terence hits you with a +0 mace.
Terence attacks as you move away! Terence hits you with a +0 mace.
Casting: Passwall (safe; 9% risk of failure)
Confirm with . or Enter, or press ? or * to list all spells.
Aiming: Sandblast (safe; 4% risk of failure)
Press: ? - help, Shift-Dir - straight line, f - Terence
Aim: Terence, wielding a +0 mace and wearing a +0 scale mail (moderately wounded, 82% to hit)
The blast of sand hits Terence.
Terence barely misses you.
Casting: Sandblast (safe; 4% risk of failure)
Confirm with . or Enter, or press ? or * to list all spells.
Aiming: Sandblast (safe; 4% risk of failure)
Press: ? - help, Shift-Dir - straight line, f/p - Terence
Aim: Terence, wielding a +0 mace and wearing a +0 scale mail (moderately wounded, 82% to hit)
The blast of sand hits Terence but does no damage.
Terence closely misses you.
Casting: Sandblast (safe; 4% risk of failure)
Confirm with . or Enter, or press ? or * to list all spells.
Aiming: Sandblast (safe; 4% risk of failure)
Press: ? - help, Shift-Dir - straight line, f/p - Terence
Aim: Terence, wielding a +0 mace and wearing a +0 scale mail (moderately wounded, 82% to hit)
The blast of sand hits Terence!
Terence misses you.
Casting: Sandblast (safe; 4% risk of failure)
Confirm with . or Enter, or press ? or * to list all spells.
Aiming: Sandblast (safe; 4% risk of failure)
Press: ? - help, Shift-Dir - straight line, f/p - Terence
Aim: Terence, wielding a +0 mace and wearing a +0 scale mail (almost dead, 82% to hit)
The blast of sand hits Terence but does no damage.
Terence hits you with a +0 mace.
Casting: Sandblast (safe; 4% risk of failure)
Confirm with . or Enter, or press ? or * to list all spells.
Aiming: Sandblast (safe; 4% risk of failure)
Press: ? - help, Shift-Dir - straight line, f/p - Terence
Aim: Terence, wielding a +0 mace and wearing a +0 scale mail (almost dead, 82% to hit)
You miscast Sandblast.
You are very lightly contaminated with residual magic.
Nothing appears to happen.
Terence drinks a potion.
Terence is healed!
Unknown command.
Magic courses through your body. Terence hits you with a +0 mace.
* * * LOW HITPOINT WARNING * * *
Casting: Sandblast (safe; 4% risk of failure)
Confirm with . or Enter, or press ? or * to list all spells.
Aiming: Sandblast (safe; 4% risk of failure)
Press: ? - help, Shift-Dir - straight line, f/p - Terence
Aim: Terence, wielding a +0 mace and wearing a +0 scale mail (82% to hit)
The blast of sand hits Terence.
Terence hits you with a +0 mace.
* * * LOW HITPOINT WARNING * * *
Casting: Sandblast (safe; 4% risk of failure)
Confirm with . or Enter, or press ? or * to list all spells.
Aiming: Sandblast (safe; 4% risk of failure)
Press: ? - help, Shift-Dir - straight line, f/p - Terence
Aim: Terence, wielding a +0 mace and wearing a +0 scale mail (lightly wounded, 82% to hit)
The blast of sand hits Terence!
Terence barely misses you.
Casting: Sandblast (safe; 4% risk of failure)
Confirm with . or Enter, or press ? or * to list all spells.
Aiming: Sandblast (safe; 4% risk of failure)
Press: ? - help, Shift-Dir - straight line, f/p - Terence
Aim: Terence, wielding a +0 mace and wearing a +0 scale mail (heavily wounded, 82% to hit)
The blast of sand hits Terence.
Terence hits you with a +0 mace!
You die...

Action                   || total
-------------------------++-------
Melee: Dagger            ||    80
       Bite              ||     8
 Cast: Sandblast         ||    12
       Passwall          ||     6
  Use: Potion            ||     1
 Stab: Sleeping          ||     8
Armor: Robe              ||    33
Dodge: Dodged            ||    54

Levels and vault maps discovered:
D:1:      elethiomel_arrival_diamonds, layout_rooms, basic_ecumenical_altar,
          chequers_serial_rivers_small_3, minmay_misc_feat_cross
D:2:      layout_basic, uniq_terence

Notes
Turn   | Place    | Note
-------+----------+-------------------------------------------
     0 | D:1      | Sobieck the Vampire Earth Elementalist began the quest for
                  | the Orb.
     0 | D:1      | Reached XP level 1. HP: 13/13 MP: 3/3
    86 | D:1      | You pick up a book of the Hunter and begin reading...
    86 | D:1      | You add the spells Call Canine Familiar, Portal Projectile
                  | and Leda's Liquefaction to your library.
   137 | D:1      | Reached XP level 2. HP: 14/19 MP: 1/5
   251 | D:1      | Learned a level 2 spell: Passwall
   328 | D:1      | Found a faded altar of an unknown god.
   785 | D:1      | You pick up a book of Callings and begin reading...
   785 | D:1      | You add the spells Summon Small Mammal and Summon Guardian
                  | Golem to your library.
  1074 | D:2      | Gained mutation: You are afflicted with vampirism and can
                  | become a bat while bloodless. [Vampire growth]
  1074 | D:2      | Reached XP level 3. HP: 15/24 MP: 3/6
  1344 | D:2      | Noticed Terence
  1367 | D:2      | HP: 3/24 [Terence/+0 mace (6)]
  1369 | D:2      | Mangled by Terence

Vanquished Creatures
  2 endoplasms (D:1)
  2 giant cockroaches
  3 goblins (D:1)
  A hobgoblin (D:1)
  3 jackals (D:2)
  2 ball pythons
  5 bats
  2 frilled lizards (D:1)
  4 kobolds (D:1)
  9 rats
33 creatures vanquished.

Table legend:
 A = Non-vault XP
 B = Vault XP
 C = Vault XP percentage of total XP
 D = Non-vault monster count
 E = Vault monster count
 F = Vault count percentage of total count
                 A         B        C        D         E       F
            +---------+---------+-------+---------+---------+-------
      Total |      38 |       8 |  17.4 |      26 |       7 |  21.2
            +---------+---------+-------+---------+---------+-------
        D:1 |      24 |       8 |  25.0 |      17 |       7 |  29.2
        D:2 |      14 |       0 |   0.0 |       9 |       0 |   0.0
            +---------+---------+-------+---------+---------+-------

Illustrated notes

Table legend:
 A = Kills in this place as a percentage of kills in entire the game.
 B = Kills by you in this place as a percentage of kills by you in the entire game.
 C = Kills by friends in this place as a percentage of kills by friends in the entire game.
 D = Other kills in this place as a percentage of other kills in the entire game.
 E = Experience gained in this place as a percentage of experience gained in the entire game.
 F = Experience gained in this place divided by the number of levels of this place that you have seen.
                   A       B       C       D       E      F
               +-------+-------+-------+-------+-------+----------------------
         Total | 100.0 | 100.0 |   N/A |   N/A | 100.0 |  23.0
       Dungeon | 100.0 | 100.0 |   N/A |   N/A | 100.0 |  23.0
               +-------+-------+-------+-------+-------+----------------------

Table legend: (Time is in decaauts)
 A = Elapsed time spent in this place.
 B = Non-inter-level travel time spent in this place.
 C = Inter-level travel time spent in this place.
 D = Time resting spent in this place.
 E = Time spent auto-exploring this place.
 F = Levels seen in this place.
 G = Mean time per level.
                   A        B        C        D        E       F      G
               +--------+--------+--------+--------+--------+-----+--------+
         Total |   1370 |   1344 |     26 |     59 |    883 |   2 |  685.0 |
       Dungeon |   1370 |   1344 |     26 |     59 |    883 |   2 |  685.0 |
               +--------+--------+--------+--------+--------+-----+--------+

Top non-repeatable levels by time:
     D:1: 950 daAuts
     D:2: 419 daAuts
